AoeStats
← darador86

Arena

509803655Analyzed
4v4 RM · 5d ago on Sep 28, 2026· 42m 35s· 8 players
Game mode
Random Map
Map size
Large (8 player)
Population
200
Speed
Normal
Resources
Standard
Victory
Conquest
Starting age
Dark Age
Ending age
Imperial Age
RankedLock teamsTeams togetherTeam positionsShared explorationLock speedFull tech treeHidden civsTurbo modeCheats
Victory
Defeat
🇺🇸 Turks · United States
808
+10
🇨🇦 Khmer · Canada
767
+11
🇺🇸 Portuguese · United States
747
+12
🇨🇳 Cumans · China
618
+18
🇦🇷 Huns · Argentina
692
-14
🇨🇷 Khmer · Costa Rica
684
-14
🇺🇸 Georgians · United States
678
-13
🇧🇷 Celts · Brazil
592
-10
felix
10:31 Feudal Age
8:47 Loom
12:04 Wheelbarrow
11:17 Double-Bit Axe
11:26 Town Watch
11:57 Horse Collar
13:38 Gold Mining
18:18 Stone Mining
24:48 Castle Age
26:01 Hand Cart
25:47 Town Patrol
25:59 Bow Saw
26:26 Stone Shaft Mining
31:44 Heavy Plow
35:40 Husbandry
35:50 Bloodlines
38:52 Imperial Age
36:34 Svan Towers
36:50 Pikeman
37:19 Gambesons
38:06 Elite Skirmisher
42:06 Cavalier
darador86
12:17 Feudal Age
13:01 Horse Collar
13:07 Double-Bit Axe
18:38 Castle Age
19:45 Bow Saw
20:50 Husbandry
21:57 Wheelbarrow
21:05 Pikeman
21:46 Squires
27:24 Town Watch
Wobbuffet3383
0:36 Loom
1:57 Loom
2:31 Loom
11:14 Feudal Age
13:23 Double-Bit Axe
21:01 Castle Age
19:42 Horse Collar
19:59 Gold Mining
20:02 Stone Mining
Puro_Osso
13:11 Feudal Age
11:29 Loom
14:53 Wheelbarrow
18:12 Double-Bit Axe
20:49 Man-at-Arms
MousePuddles
12:50 Feudal Age
13:29 Double-Bit Axe
13:26 Horse Collar
13:39 Gold Mining
19:24 Castle Age
21:58 Bloodlines
21:49 Husbandry
24:59 Caravan
27:21 Forging
27:17 Scale Barding Armor
30:43 Imperial Age
30:51 Heavy Camel Rider
31:56 Chain Barding Armor
35:07 Plate Barding Armor
36:52 Iron Casting
36:18 Padded Archer Armor
36:08 Fletching
42:52 Blast Furnace
41:47 Bodkin Arrow
42:08 Leather Archer Armor
vladimir
3:42 Loom
8:52 Feudal Age
10:00 Double-Bit Axe
10:05 Horse Collar
11:03 Wheelbarrow
15:19 Forging
20:03 Castle Age
18:26 Town Watch
19:18 Scale Mail Armor
20:09 Gold Mining
20:02 Man-at-Arms
20:13 Man-at-Arms
20:53 Pikeman
25:40 Stone Mining
26:03 Bow Saw
28:41 Hand Cart
34:03 Imperial Age
32:54 Stone Shaft Mining
36:14 Fletching
36:25 Padded Archer Armor
38:21 Conscription
37:51 Halberdier
40:17 Chemistry
39:27 Town Watch
39:41 Bodkin Arrow
40:01 Leather Archer Armor
40:21 Iron Casting
40:56 Elite Organ Gun
42:16 Ballistics
42:08 Fortified Wall
41:43 Treadmill Crane
★秧★FISHY
1:29 Loom
14:13 Feudal Age
15:32 Wheelbarrow
14:39 Horse Collar
14:48 Double-Bit Axe
20:08 Castle Age
21:14 Hand Cart
29:53 Gold Mining
31:48 Gold Shaft Mining
34:11 Imperial Age
41:17 Stone Mining
板蓝根
6:24 Loom
12:59 Feudal Age
13:56 Double-Bit Axe
14:04 Gold Mining
14:02 Horse Collar
13:53 Man-at-Arms
23:33 Wheelbarrow
22:48 Town Watch
29:31 Castle Age
30:49 Hand Cart
30:38 Town Patrol
30:54 Bow Saw
30:33 Long Swordsman
31:09 Capped Ram
31:20 Capped Ram
32:22 Stone Mining
33:07 Gold Shaft Mining
32:54 Pikeman
33:34 Squires
34:58 Heavy Plow
Connection lost

Rejoining the realm…

Still unreachable

The connection could not be restored.

Session expired

The server has moved on; the page needs a fresh start.